 Dungeon Crawl Stone Soup version 0.19.1-1-g22dce08 (webtiles) character file.

1848 Lennu the Cleaver (level 9, -7/74 HPs)
             Began as a Hill Orc Gladiator on Jan 5, 2017.
             Was an Initiate of Uskayaw.
             Killed from afar by an electric eel (15 damage)
             ... with a bolt of electricity
             ... on level 7 of the Dungeon.
             The game lasted 00:36:18 (7720 turns).

Lennu the Cleaver (Hill Orc Gladiator)              Turns: 7720, Time: 00:36:19

Health: -7/74      AC:  8    Str: 22    XL:     9   Next: 12%
Magic:  9/12       EV: 12    Int:  6    God:    Uskayaw [......]
Gold:   377        SH:  0    Dex: 14    Spells: 0 memorised, 12 levels left

rFire  x . .     SeeInvis .     a - +0 war axe
rCold  + . .     Gourm    .     y - +0 scale mail
rNeg   . . .     Faith    .     (no shield)
rPois  .         Spirit   .     c - +0 helmet
rElec  .         Reflect  .     (no cloak)
rCorr  .         Harm     .     (no gloves)
MR     .....                    (no boots)
Stlth  ..........               Q - amulet of regeneration
                                d - ring of ice
                                F - +4 ring of strength

@: no status effects
A: dopey 1
a: Renounce Religion


You were on level 7 of the Dungeon.
You worshipped Uskayaw.
Uskayaw was noncommittal.
You were not hungry.

You visited 2 branches of the dungeon, and saw 8 of its levels.

You collected 377 gold pieces.

Inventory:

Hand Weapons
 a - a +0 war axe (weapon)
Missiles
 i - 45 poisoned needles
 L - a throwing net
 R - 6 tomahawks (quivered)
Armour
 c - a +0 helmet (worn)
 y - a +0 scale mail (worn)
Jewellery
 b - an uncursed ring of see invisible
 d - a ring of ice (right hand)
 w - an uncursed ring of poison resistance
 F - a +4 ring of strength (left hand)
 Q - an amulet of regeneration (around neck)
Wands
 r - a wand of disintegration (17/24)
 x - a wand of digging (10/24)
 S - a wand of flame (21/48)
Scrolls
 e - 6 scrolls of remove curse {unknown}
 g - 7 scrolls of identify {unknown}
 j - a scroll of magic mapping {unknown}
 m - 2 scrolls of noise {unknown}
 o - a scroll of random uselessness {unknown}
 p - 2 scrolls of recharging {unknown}
 q - 2 scrolls of amnesia {unknown}
 C - a scroll of teleportation {unknown}
 D - 3 scrolls of immolation {unknown}
 I - a scroll of fog {unknown}
 P - a scroll of summoning {unknown}
Potions
 h - 2 potions of agility {unknown}
 k - 2 potions of heal wounds {unknown}
 l - a potion of cure mutation {unknown}
 s - 4 potions of curing
 u - 2 potions of beneficial mutation {unknown}
 v - a potion of resistance {unknown}
 A - a potion of brilliance {unknown}
 B - a potion of cancellation {unknown}
 E - a potion of haste {unknown}
 H - a potion of degeneration {unknown}
 J - a potion of ambrosia {unknown}
 N - a potion of flight {unknown}
Books
 G - a book of Cantrips

   Spells                             Type                      Level
   a - Confusing Touch                Hexes                        1
   b - Animate Skeleton               Necromancy                   1
   c - Summon Small Mammal            Summoning                    1
   d - Apportation                    Translocation                1
Comestibles
 f - 2 bread rations
 n - 4 beef jerkies
 t - 5 fruits
 z - 2 royal jellies
 K - 3 slices of pizza
 M - 2 meat rations
 O - 5 chunks of flesh


   Skills:
 * Level 5.1 Fighting
 * Level 10.0 Axes
 + Level 2.7 Throwing
 * Level 5.4 Armour
 * Level 4.0 Dodging
 + Level 1.2 Stealth
 * Level 2.3 Spellcasting
 * Level 2.9 Invocations


You had 12 spell levels left.
You didn't know any spells.

Dungeon Overview and Level Annotations

Branches:
Dungeon (7/15)             Temple (1/1) D:5

Altars:
Cheibriados
Dithmenos
Elyvilon
Fedhas
Gozag
Kikubaaqudgha
Nemelex Xobeh
Okawaru
Qazlal
Ru
Sif Muna
Trog
Uskayaw
Xom
Yredelemnul
Zin
The Shining One

Shops:
D:5 =


Innate Abilities, Weirdness & Mutations

You are dopey. (Int -2)


Message History

Your unstable footing causes you to fumble your attack.
The electric eel shoots out a bolt of lightning at you!
The bolt of electricity hits you!
* * * LOW HITPOINT WARNING * * *
Okay, then.
You stomp with the beat, sending a shockwave through the revelers around you!
The electric eel is heavily wounded.
The plant is moderately damaged.
You feel somewhat more hungry.
You can no longer stomp with the beat.
You hit the electric eel but do no damage.
The electric eel is heavily wounded.
You hit the plant.
Your unstable footing causes you to fumble your attack.
You slash the electric eel!
The electric eel is almost dead.
You hit the plant but do no damage.
The electric eel shoots out a bolt of lightning at you!
The bolt of electricity hits you!
You die...

### #.##########
...#.......#
#....≈♣≈≈≈P♣♣♣## ##
#≈≈≈≈≈≈♣P≈≈≈P♣≈♣♣≈###
♣≈≈♣≈P≈≈≈≈≈≈≈≈♣PP♣≈≈#
♣≈♣≈≈P≈≈P≈≈≈≈P≈≈≈≈≈♣♣
≈≈P≈≈≈≈≈≈≈≈≈≈♣≈P♣≈P≈♣
P≈≈≈≈≈≈≈≈≈≈≈≈≈≈♣@≈≈≈♣
≈≈≈≈≈≈≈≈≈≈≈≈≈≈≈;≈≈≈≈≈♣
P≈P≈≈≈≈≈≈≈≈≈≈≈≈≈≈≈≈≈≈♣
≈≈≈≈≈≈≈≈≈≈≈≈≈♣≈≈≈≈♣
≈≈≈≈≈≈≈≈≈P≈≈≈≈♣≈≈#
≈≈≈≈P≈≈♣P≈≈♣♣.# ≈≈♣≈≈♣
≈≈≈≈ .# P≈≈≈≈ ≈♣≈# #


You could see an electric eel.

Vanquished Creatures
  The ghost of tschems the Skirmisher, an amateur HuFi (D:3)
  Edmund (D:4)
  A sky beast (D:6)
  A black bear (D:6)
  4 ogres
  A phantom (D:4)
  A water moccasin skeleton (D:7)
  3 wights (D:6)
  An electric eel (D:7)
  A howler monkey (D:5)
  2 crimson imps
  A jelly (D:5)
  An orc priest (D:5)
  2 hounds
  2 iguanas
  4 orc wizards
  Ijyb (D:3)
  A worker ant (D:5)
  Terence (D:3)
  A hound zombie (D:7)
  2 hound skeletons (D:7)
  A worker ant zombie (D:5)
  Robin (D:3)
  6 gnolls
  2 adders
  An ooze (D:4)
  4 worms
  3 dart slugs
  9 leopard geckos
  21 orcs
  2 ball pythons
  5 giant cockroaches
  11 hobgoblins
  7 jackals
  3 quokkas
  5 bats
  6 frilled lizards
  19 goblins
  11 kobolds
  2 quokka skeletons
  4 rats
156 creatures vanquished.

Notes
Turn   | Place    | Note
-------+----------+-------------------------------------------
     0 | D:1      | Lennu the Hill Orc Gladiator began the quest for the Orb.
     0 | D:1      | Reached XP level 1. HP: 18/18 MP: 1/1
   349 | D:1      | Reached XP level 2. HP: 25/25 MP: 2/2
   760 | D:2      | Reached XP level 3. HP: 19/30 MP: 3/3
   892 | D:2      | Reached skill level 5 in Axes
  1012 | D:2      | You fall through a shaft!
  1012 | D:3      | Noticed Robin
  1030 | D:3      | Reached XP level 4. HP: 24/37 MP: 4/4
  1033 | D:3      | Killed Robin
  1265 | D:3      | Reached skill level 1 in Armour
  1499 | D:3      | Noticed Terence
  1523 | D:3      | Killed Terence
  1523 | D:3      | Reached skill level 6 in Axes
  1644 | D:3      | Reached XP level 5. HP: 43/44 MP: 5/5
  1786 | D:3      | Found a faded altar of an unknown god.
  1786 | D:3      | Found a faded altar of an unknown god.
  1791 | D:3      | Found a faded altar of an unknown god.
  1793 | D:3      | Found a shimmering altar of Xom.
  1794 | D:3      | Found a faded altar of an unknown god.
  1823 | D:3      | Noticed Ijyb
  1826 | D:3      | Noticed tschems's ghost (amateur HuFi)
  1839 | D:3      | Killed Ijyb
  2405 | D:3      | Found a snail-covered altar of Cheibriados.
  2521 | D:3      | Found a glowing golden altar of the Shining One.
  2521 | D:3      | Found a bloodstained altar of Trog.
  2832 | D:3      | Reached skill level 1 in Spellcasting
  3398 | D:2      | Reached XP level 6. HP: 49/51 MP: 7/7
  3569 | D:3      | Killed tschems's ghost
  3569 | D:3      | Reached skill level 7 in Axes
  3694 | D:4      | Noticed a phantom
  3703 | D:4      | Killed a phantom
  3703 | D:4      | Reached XP level 7. HP: 53/57 MP: 8/8
  3979 | D:4      | Reached skill level 8 in Axes
  4249 | D:5      | Entered Level 5 of the Dungeon
  4324 | D:5      | Noticed Edmund
  4378 | D:4      | Killed Edmund
  4953 | D:5      | Reached XP level 8. HP: 56/66 MP: 10/10
  5336 | D:5      | Found a staircase to the Ecumenical Temple.
  5349 | Temple   | Entered the Ecumenical Temple
  5486 | Temple   | Became a worshipper of Uskayaw the Reveler
  5589 | D:5      | Reached * piety under Uskayaw
  5655 | D:5      | Found Yxaiw's Jewellery Shoppe.
  5665 | D:5      | Reached ** piety under Uskayaw
  6262 | D:6      | Reached skill level 9 in Axes
  6262 | D:6      | Reached skill level 1 in Invocations
  6267 | D:6      | Gained mutation: You are dopey. (Int -2) [mutagenic meat]
  6349 | D:6      | Reached *** piety under Uskayaw
  6351 | D:6      | Reached **** piety under Uskayaw
  6353 | D:6      | Reached ***** piety under Uskayaw
  7037 | D:6      | Reached skill level 5 in Fighting
  7037 | D:6      | Reached skill level 5 in Armour
  7344 | D:7      | Reached XP level 9. HP: 71/74 MP: 12/12
  7580 | D:7      | Reached skill level 1 in Stealth
  7589 | D:7      | Reached skill level 10 in Axes
  7720 | D:7      | Killed from afar by an electric eel

Skill      XL: |  1  2  3  4  5  6  7  8  9 |
---------------+----------------------------+-----
Axes           | 5 6 7 8 9 10 | 10.0
Armour         | 1 2 3 5 |  5.4
Fighting       | 3 4 5 |  5.1
Spellcasting   | 1 2 |  2.3
Throwing       | 2 |  2.7
Dodging        | 3 4 |  4.0
Invocations    | 2 |  2.9
Stealth        | 1 |  1.2

Action                   |  1- 3 |  4- 6 |  7- 9 || total
-------------------------+-------+-------+-------++-------
Melee: War axe           |    84 |   218 |   248 ||   550
Throw: Throwing net      |     2 |     9 |     4 ||    15
       Tomahawk          |       |    15 |    64 ||    79
Invok: Stomp             |       |       |     5 ||     5
 Stab: Held in net/web   |       |       |     2 ||     2
       Paralysed         |       |       |     2 ||     2
  Eat: Chunk             |       |     3 |     4 ||     7
       Bread ration      |       |     2 |     1 ||     3
       Meat ration       |       |       |     1 ||     1
Armor: Leather armour    |     4 |       |       ||     4
       Chain mail        |    60 |    47 |       ||   107
       Scale mail        |       |    65 |    69 ||   134
Dodge: Dodged            |    49 |   123 |   123 ||   295
